AoeStats
← 76561198884563913

African Clearing

505620326Analyzed
4v4 RM · 23d ago on Sep 10, 2026· 24m 37s· 8 players
Game mode
Random Map
Map size
Large (8 player)
Population
200
Speed
Normal
Resources
Standard
Victory
Conquest
Starting age
Dark Age
Ending age
Imperial Age
RankedLock teamsTeams togetherTeam positionsShared explorationLock speedFull tech treeHidden civsTurbo modeCheats
Victory
Defeat
🇻🇳 Goths · Vietnam
1399
+13
🇻🇳 Spanish · Vietnam
1396
+13
🇻🇳 Koreans · Vietnam
1379
+14
🇻🇳 Franks · Vietnam
1340
+15
🇨🇳 Magyars · China
1410
-18
🇲🇽 Franks · Mexico
1336
-14
🇨🇳 Berbers · China
1287
-12
🇬🇷 Byzantines · Greece
1269
-11
76561198884563913
7:04 Loom
12:40 Feudal Age
13:31 Double-Bit Axe
20:10 Castle Age
19:10 Scale Barding Armor
19:57 Bloodlines
20:06 Gold Mining
20:21 Light Cavalry
24:35 Wheelbarrow
825889483
3:52 Loom
14:46 Feudal Age
19:01 Castle Age
Mauzic
10:29 Loom
12:33 Feudal Age
15:52 Scale Mail Armor
20:07 Wheelbarrow
20:59 Forging
21:55 Scale Barding Armor
mojotzotzo
11:35 Loom
11:38 Loom
15:20 Feudal Age
16:02 Double-Bit Axe
16:00 Horse Collar
18:44 Castle Age
Duc dam tac thich bus cu
10:18 Loom
12:14 Feudal Age
17:16 Castle Age
16:05 Double-Bit Axe
25:43 Wheelbarrow
Giong
3:19 Loom
14:19 Feudal Age
18:39 Castle Age
17:09 Double-Bit Axe
17:04 Horse Collar
19:59 Fletching
RoadTo1100
13:20 Feudal Age
13:57 Double-Bit Axe
14:27 Loom
17:17 Castle Age
18:15 Bow Saw
19:56 Gold Mining
25:48 Wheelbarrow
Vũ
10:54 Loom
12:40 Feudal Age
17:27 Castle Age
16:09 Double-Bit Axe
16:05 Horse Collar
18:22 Bow Saw
20:55 Gold Mining
21:34 Fletching
21:07 Crossbowman
Connection lost

Rejoining the realm…

Still unreachable

The connection could not be restored.

Session expired

The server has moved on; the page needs a fresh start.